AoeStats
← Gewinner2punkt0

Arabia

510163512Analyzed
3v3 RM · 2d ago on Sep 29, 2026· 47m 49s· 6 players
Game mode
Random Map
Map size
Normal (6 player)
Population
200
Speed
Normal
Resources
Standard
Victory
Conquest
Starting age
Dark Age
Ending age
Imperial Age
RankedLock teamsTeams togetherTeam positionsShared explorationLock speedFull tech treeHidden civsTurbo modeCheats
Victory
Defeat
🇺🇾 Tatars · Uruguay
945
+15
🇺🇸 Danes · United States
921
+16
🇬🇧 Magyars · United Kingdom
915
+17
🇦🇹 Franks · Austria
956
-17
🇩🇪 Britons · Germany
951
-17
🇦🇹 Romans · Austria
890
-14
shabolobodingdong
10:53 Feudal Age
16:30 Castle Age
17:49 Gambesons
18:06 Squires
17:51 Arson
19:02 Pikeman
21:45 Loom
27:42 Double-Bit Axe
30:42 Hamask
32:15 Gold Mining
40:58 Scale Mail Armor
45:47 Imperial Age
Petrucci!
7:57 Loom
10:49 Feudal Age
11:42 Double-Bit Axe
21:32 Castle Age
20:14 Forging
20:59 Stone Mining
21:54 Fletching
22:18 Bloodlines
22:23 Gold Mining
22:47 Padded Archer Armor
23:44 Bow Saw
25:09 Bodkin Arrow
34:02 Leather Archer Armor
34:52 Scale Barding Armor
37:15 Ballistics
43:23 Imperial Age
41:30 Wheelbarrow
41:36 Wheelbarrow
43:13 Chain Barding Armor
45:50 Iron Casting
47:48 Plate Barding Armor
jhp3
5:28 Loom
12:24 Feudal Age
16:58 Castle Age
25:11 Horse Collar
28:10 Wheelbarrow
29:04 Double-Bit Axe
29:35 Pikeman
31:40 Fervor
31:51 Sanctity
32:03 Fletching
32:16 Scale Mail Armor
34:14 Chain Mail Armor
34:19 Corvinian Army
34:31 Scale Barding Armor
34:23 Bodkin Arrow
35:33 Heavy Plow
35:30 Gold Mining
35:30 Stone Mining
35:52 Bow Saw
37:43 Chain Barding Armor
37:48 Ballistics
42:43 Imperial Age
40:59 Hand Cart
40:30 Town Watch
43:50 Conscription
43:34 Elite Magyar Huszar
43:44 Halberdier
44:03 Capped Ram
45:45 Plate Barding Armor
45:13 Bracer
Gewinner2punkt0
8:13 Loom
10:46 Feudal Age
13:49 Double-Bit Axe
23:14 Castle Age
21:36 Stone Mining
25:57 Bow Saw
25:50 Gold Mining
28:48 Scale Barding Armor
35:29 Chain Barding Armor
35:21 Forging
35:40 Husbandry
39:24 Gold Shaft Mining
45:34 Imperial Age
43:40 Wheelbarrow
47:26 Light Cavalry
47:28 Cavalier
babeltube
6:11 Loom
12:27 Feudal Age
13:04 Horse Collar
13:10 Double-Bit Axe
21:06 Castle Age
22:46 Scale Mail Armor
22:59 Forging
26:45 Bow Saw
27:54 Squires
27:15 Pikeman
32:40 Heavy Plow
36:50 Elite Skirmisher
ExpertZebra1000
12:10 Feudal Age
11:50 Loom
13:41 Double-Bit Axe
13:40 Horse Collar
22:03 Castle Age
22:02 Fletching
22:13 Padded Archer Armor
23:44 Bow Saw
25:52 Elite Skirmisher
27:39 Bodkin Arrow
28:01 Leather Archer Armor
Connection lost

Rejoining the realm…

Still unreachable

The connection could not be restored.

Session expired

The server has moved on; the page needs a fresh start.